Map: Glittering Ashes LE

Players

YourBroChris

  • Race: Protoss Protoss
  • League: Diamond

Trap - Winner!

  • Race: Protoss Protoss

Event: DreamHack SC2 Masters Last Chance 2022

VOD

Have the link to the VOD?

Description

Time

  • Played on: Dec. 15, 2021, 4:19 a.m.
  • Length: 8:45

All games in this series

Show
View Real Time Build Order
Export as new Build Order

YourBroChris Protoss 

Build Orders: Phoenix Opening 

Get SALT Encoding   

  12  0:00  Probe  
  13  0:12  Probe  
  14  0:18  Pylon  
  14  0:24  Probe (Chrono Boost)  
  15  0:38  Gateway, Probe (Chrono Boost)  
  16  0:44  Probe (Chrono Boost)  
  16  0:47  Assimilator  
  17  0:52  Probe  
  17  0:56  Assimilator  
  18  1:04  Probe (Chrono Boost)  
  18  1:09  Gateway  
  19  1:16  Probe (Chrono Boost)  
  20  1:25  Cybernetics Core, Probe (Chrono Boost)  
  21  1:36  Probe  
  21  1:37  Pylon  
  22  1:48  Probe  
  23  2:01  Probe  
  24  2:02  Stalker x2  
  24  2:07  Warp Gate  
  28  2:14  Probe, Pylon  
  29  2:32  Stalker x2  
  29  2:36  Probe  
  33  2:57  Nexus  
  33  3:02  Sentry  
  33  3:05  Sentry  
  37  3:09  Probe  
  38  3:15  Shield Battery  
  38  3:19  Pylon  
  38  3:23  Probe  
  39  3:31  Twilight Council  
  39  3:37  Probe  
  39  3:40  Phoenix  
  40  3:49  Probe  
  40  3:51  Gateway  
  41  3:56  Stalker  
  41  4:01  Probe  
  44  4:04  Stalker  
  44  4:06  Blink (Chrono Boost)  
  46  4:22  Probe (Chrono Boost)  
  46  4:23  Forge  
  47  4:25  Probe (Chrono Boost)  
  48  4:35  Probe (Chrono Boost)  
  48  4:37  Probe (Chrono Boost)  
  50  4:40  Probe (Chrono Boost)  
  50  4:44  Probe (Chrono Boost)  
  51  4:49  Protoss Ground Weapons Level 1 (Chrono Boost)  
  51  4:50  Assimilator  
  51  4:52  Pylon  
  52  4:53  Probe  
  53  5:01  Stalker, Probe  
  53  5:02  Stalker  
  58  5:07  Probe  
  58  5:12  Stalker  
  58  5:14  Probe  
  62  5:19  Probe  
  62  5:20  Pylon  
  63  5:26  Probe  
  64  5:34  Probe  
  65  5:39  Probe  
  66  5:46  Stalker x2  
  66  5:49  Nexus  
  70  5:50  Stalker, Pylon  
  72  5:58  Probe  
  72  5:59  Probe  
  72  6:04  Assimilator  
  74  6:11  Probe  
  73  6:16  Stalker  
  73  6:17  Stalker x2, Shield Battery  
  70  6:31  Robotics Facility  
  66  6:45  Stalker x3  
  72  6:47  Shield Battery  
  72  6:55  Pylon  
  72  6:58  Probe x2  
  74  7:03  Probe  
  75  7:10  Probe  
  75  7:11  Probe  
  77  7:18  Observer, Robotics Bay  
  78  7:22  Robotics Facility  
  78  7:24  Probe x2  
  80  7:35  Gateway  
  80  7:38  Gateway, Probe x3  
  80  7:42  Gateway  
  83  7:45  Warp Prism, Gateway  
  83  7:47  Gateway  
  83  7:50  Probe x2  
  87  7:52  Stalker  
  87  7:54  Sentry x2  
  93  8:02  Shield Battery  
  90  8:16  Disruptor (Chrono Boost)  
  90  8:17  Stalker x3  
  100  8:31  Stalker  
  96  8:40  Stalker x3  
Show
View Real Time Build Order
Export as new Build Order

Trap Protoss - Winner!

Build Orders: Phoenix Opening, Blink Stalkers, Zealot Archon 

Get SALT Encoding   

  12  0:00  Probe  
  13  0:12  Probe  
  14  0:18  Pylon  
  14  0:24  Probe (Chrono Boost)  
  15  0:36  Probe (Chrono Boost)  
  15  0:37  Gateway  
  16  0:45  Probe (Chrono Boost)  
  16  0:46  Assimilator  
  17  0:51  Probe  
  17  0:56  Assimilator  
  18  1:03  Probe (Chrono Boost)  
  19  1:07  Gateway  
  19  1:13  Probe (Chrono Boost)  
  19  1:18  Probe (Chrono Boost)  
  20  1:24  Cybernetics Core  
  21  1:29  Probe  
  22  1:35  Pylon  
  22  1:41  Probe  
  23  1:53  Probe  
  24  2:00  Stalker x2  
  28  2:02  Warp Gate  
  28  2:12  Pylon  
  28  2:16  Shield Battery  
  28  2:24  Pylon  
  28  2:30  Sentry  
  28  2:32  Sentry  
  32  2:44  Nexus  
  32  2:48  Probe  
  33  2:55  Shield Battery  
  33  2:59  Sentry  
  35  3:06  Stalker  
  35  3:08  Phoenix, Probe  
  38  3:15  Pylon  
  38  3:20  Probe  
  39  3:27  Twilight Council  
  39  3:33  Probe (Chrono Boost)  
  39  3:45  Probe (Chrono Boost)  
  40  3:51  Probe (Chrono Boost)  
  41  3:56  Probe (Chrono Boost)  
  41  3:59  Blink (Chrono Boost)  
  41  4:02  Adept x2  
  47  4:05  Probe (Chrono Boost)  
  47  4:06  Probe (Chrono Boost)  
  48  4:11  Probe x2 (Chrono Boost)  
  50  4:23  Probe x2  
  50  4:24  Stalker  
  54  4:25  Stalker  
  56  4:32  Robotics Facility  
  56  4:36  Probe x2  
  58  4:41  Pylon  
  58  4:48  Probe x2  
  58  4:50  Stalker  
  62  4:59  Stalker  
  64  5:00  Probe, Pylon  
  64  5:01  Probe  
  66  5:14  Nexus  
  66  5:19  Shield Battery  
  66  5:22  Observer  
  66  5:25  Assimilator  
  66  5:27  Stalker  
  66  5:28  Stalker  
  71  5:30  Probe  
  71  5:31  Probe  
  73  5:35  Pylon  
  73  5:44  Immortal (Chrono Boost)  
  73  5:45  Probe  
  78  5:53  Probe, Forge  
  79  5:59  Probe  
  79  6:01  Pylon  
  80  6:04  Stalker x2  
  80  6:09  Probe  
  85  6:11  Probe  
  85  6:16  Phoenix  
  86  6:20  Immortal (Chrono Boost)  
  86  6:25  Charge  
  90  6:26  Probe x2, Protoss Ground Weapons Level 1 (Chrono Boost)  
  88  6:36  Probe  
  88  6:38  Probe  
  90  6:43  Probe  
  90  6:45  Gateway  
  90  6:47  Gateway  
  91  6:50  Gateway x2  
  91  6:53  Gateway  
  91  6:56  Gateway  
  91  7:02  Warp Prism (Chrono Boost)  
  91  7:05  Probe x2  
  91  7:07  Probe  
  96  7:09  Pylon  
  96  7:12  Pylon  
  96  7:17  Templar Archives  
  96  7:20  Zealot x2  
  100  7:24  Pylon  
  100  7:25  Probe x2  
  100  7:26  Probe  
  103  7:30  Pylon  
  103  7:34  Assimilator  
  103  7:53  Zealot x5, High Templar x2  
  103  7:55  Zealot, Nexus  
  103  7:57  Archon  
  119  7:59  Pylon  
  117  8:19  High Templar x2  
  121  8:20  Zealot x4  
  121  8:23  Archon  
  121  8:24  Gateway  
  127  8:27  Gateway  
  127  8:30  Zealot x2  

Tags
 
Add a new tag
Caveats
  • Supply blocks, unpowered buildings, or Contaminate may cause inaccurate times.
  • Supply counts are checked every 10 seconds.